 Dungeon Crawl Stone Soup version 0.20.0-4-g10b340a (webtiles) character file.

293383 nikopol the Slayer (level 20, -25/198 HPs)
             Began as a Minotaur Berserker on May 26, 2017.
             Was the Champion of Trog.
             Killed from afar by a tengu reaver (43 damage)
             ... with a bolt of lightning
             ... on level 3 of the Vaults on May 27, 2017.
             The game lasted 03:09:09 (54463 turns).

nikopol the Slayer (Minotaur Berserker)            Turns: 54463, Time: 03:09:10

Health: -25/198    AC: 18    Str: 25    XL:     20   Next: 1%
Magic:  0/28       EV: 17    Int:  4    God:    Trog [******]
Gold:   1966       SH:  0    Dex: 16    Spells: 19/19 levels left

rFire    + . .     SeeInvis +   a - +6 battleaxe (flame)
rCold    + + +     Gourm    +   (shield currently unavailable)
rNeg     + . .     Faith    .   V - +3 scale mail
rPois    +         Spirit   +   (helmet restricted)
rElec    .         Reflect  .   S - scarf {Spirit}
rCorr    .         Harm     .   Q - +1 pair of gloves
MR       +....                  m - +1 pair of boots
Stlth    +.........             x - amulet "Kidu" {Gourm rF+}
Regen    0.5/turn               H - ring of see invisible
MPRegen  0.3/turn               g - ring "Misurado" {*Contam rPois rC+++ rN+ MP+9}

@: no status effects
A: retaliatory headbutt, horns 2
}: 2/15 runes: decaying, gossamer
a: Berserk, Trog's Hand, Brothers in Arms, Burn Spellbooks, Renounce Religion


You were on level 3 of the Vaults.
You worshipped Trog.
Trog was exalted by your worship.
You were completely stuffed.

You visited 6 branches of the dungeon, and saw 34 of its levels.

You collected 3055 gold pieces.
You spent 1089 gold pieces at shops.

Inventory:

Hand Weapons
 a - a +6 battleaxe of flaming (weapon)
 z - a +8 longbow of flaming
 I - a +2 executioner's axe of draining
Missiles
 e - 611 arrows
Armour
 m - a +1 pair of boots (worn)
 Q - a +1 pair of gloves (worn)
 S - a scarf of spirit shield (worn)
 V - a +3 scale mail (worn)
Jewellery
 g - the ring "Misurado" (right hand) {*Contam rPois rC+++ rN+ MP+9}
   (You found it on level 6 of the Lair of Beasts)

   [ring of magical power]

   It renders you almost immune to cold.
   It protects you from poison.
   It protects you from negative energy.
   It affects your magic capacity (+9).
   It causes magical contamination when unequipped.
 s - an uncursed ring of positive energy
 x - the amulet "Kidu" (around neck) {Gourm rF+}
   (You bought it in a shop on level 2 of the Orcish Mines)

   [amulet of the gourmand]

   It allows you to eat raw meat even when not hungry.
   It protects you from fire.
 G - a +5 ring of strength
 H - a ring of see invisible (left hand)
 K - an uncursed ring of protection from fire
 L - an uncursed ring of resist corrosion
 N - the ring "Xaryol" {*Contam rPois Str+2 Int+2, unknown}
   (You took it off a yaktaur on level 3 of the Vaults)

   [ring of strength]

   It affects your strength (+2).
   It affects your intelligence (+2).
   It protects you from poison.
   It causes magical contamination when unequipped.
 P - an uncursed ring of flight
Wands
 y - a wand of paralysis (24/24)
 E - a wand of lightning (8/15)
 J - a wand of flame (29/48)
 M - a wand of disintegration (21/24)
 U - a wand of confusion (26/48)
 W - a wand of scattershot (5/9)
 Y - a wand of digging (9/24)
 Z - a wand of iceblast (7/15)
Scrolls
 d - 6 scrolls of recharging
 h - 5 scrolls of fear
 j - a scroll of fog
 l - 10 scrolls of remove curse
 n - 2 scrolls of silence
 p - a scroll of blinking
 v - 21 scrolls of teleportation
 w - 11 scrolls of enchant armour
 A - 6 scrolls of magic mapping
 F - 4 scrolls of identify
 X - 2 scrolls of summoning
Potions
 b - 3 potions of magic
 f - 4 potions of heal wounds
 i - a potion of invisibility
 k - 14 potions of curing
 o - 4 potions of cancellation
 r - 5 potions of agility
 B - 2 potions of resistance
 C - 5 potions of ambrosia
 D - a potion of might
 O - 2 potions of flight
 T - 3 potions of haste
Comestibles
 c - 20 bread rations
 q - 12 royal jellies
 t - 23 meat rations
 u - 10 chunks of flesh
 R - 9 fruits


   Skills:
 + Level 21.5 Fighting
 + Level 20.2(20.3) Axes
   Level 1.6(13.8) Maces & Flails
 + Level 20.4 Bows
 + Level 15.9 Armour
 + Level 10.0 Dodging
 + Level 3.6 Stealth
 + Level 0.9 Unarmed Combat
 + Level 0.1 Evocations


You had 19 spell levels left.
You didn't know any spells.

Dungeon Overview and Level Annotations

Branches:
Dungeon (15/15)            Temple (0/1) D:7            Lair (6/6) D:10
  Swamp (4/4) Lair:3       Spider (4/4) Lair:3        Slime (0/5) Lair:5
    Orc (2/2) D:9             Elf (0/3) Orc:2        Vaults (3/5) D:13
 Depths (0/5) D:15
  Crypt: Vaults:2-3

Altars:
Dithmenos
Gozag
Vehumet
Xom
Beogh

Shops:
D:10 ?   D:12 (   D:13 !   Orc:2 =[}(


Innate Abilities, Weirdness & Mutations

You reflexively headbutt those who attack you in melee.
You have a pair of horns on your head.


Message History

The stone giant hits you!!
* * * LOW HITPOINT WARNING * * *
You feel much better.
The tengu reaver hits you with a halberd of protection!
* * * LOW HITPOINT WARNING * * *
The tengu reaver pecks you.
* * * LOW HITPOINT WARNING * * *
The tengu reaver claws you but does no damage.
The stone giant hits you.
* * * LOW HITPOINT WARNING * * *
You feel much better.
The tengu reaver hits you with a halberd of protection!
* * * LOW HITPOINT WARNING * * *
The tengu reaver completely misses you. The tengu reaver closely misses you.
The stone giant hits you but does no damage.
The stone giant hits you!
* * * LOW HITPOINT WARNING * * *
The tengu reaver casts a spell at you. The bolt of lightning hits you!
You die...

#..........##..).................
#..........##''##################
#..........##...........
#..........##...........
#..........#####)#######
#........).##....#.....
#..........##....#.).
#..........##'####Q######
#..........##...@))*((.(.
#..........##....C((.....
#..........##############
#..........# #..........#
#..........# #..........#
#..........# #.........ยง#


You could see a stone giant, a tengu reaver and a battlesphere.

Vanquished Creatures
  Nikola (Spider:2)
  Jorgrun (Spider:2)
  2 thorn hunters
  3 ghost moths (Spider:4)
  A fire giant (Vaults:3)
  Louise (D:14)
  2 orc warlords (Orc:2)
  5 vault wardens
  7 emperor scorpions
  7 ironheart preservers
  3 stone giants
  55 slime creatures
  2 entropy weavers
  A spark wasp (Spider:4)
  Snorg (Lair:5)
  5 ettins
  6 ogre magi
  A deep elf death mage (Vaults:2)
  6 yaktaur captains
  4 ice dragons
  Fannar (Lair:2)
  A rakshasa (Vaults:1)
  10 vault guards
  2 catoblepae (Lair:6)
  2 centaur warriors
  2 ghost crabs (Swamp:4)
  A death knight (Vaults:3)
  23 two-headed ogres
  22 hydras
  10 alligators
  2 deep troll shamans
  Erica (Lair:2)
  A death scarab (Spider:4)
  2 tengu warriors (D:15)
  4 death yaks
  A deep troll earth mage (Vaults:3)
  A titan zombie (D:15)
  4 orc high priests (Orc:2)
  2 deep elf knights
  3 skeletal warriors
  A fire crab (Lair:6)
  A spectral emperor scorpion (Spider:4)
  2 glowing orange brains
  A spark wasp zombie (D:15)
  12 swamp dragons
  An unseen horror (shapeshifter) (Vaults:3)
  2 deep trolls (Vaults:3)
  2 flayed ghosts
  2 deep elf archers (Vaults:2)
  6 unseen horrors
  4 spriggan druids
  A shambling mangrove (Swamp:2)
  A lindwurm (shapeshifter) (Vaults:1)
  9 orc knights
  5 wizards
  3 harpies (Vaults:3)
  2 harpies (shapeshifter)
  10 ironbrand convokers
  A wolf spider zombie (Spider:4)
  16 orb spiders
  3 spectral wolf spiders (Spider:4)
  5 deep elf magi
  5 necromancers
  4 orc sorcerers
  26 ugly things
  26 wolf spiders
  A manticore (D:12)
  3 moths of wrath
  An oklob plant (D:10)
  3 cyclopes
  33 elephants
  A sphinx skeleton (D:15)
  11 vault sentinels
  2 black mambas
  A black mamba (shapeshifter) (Vaults:1)
  Psyche (D:8)
  3 gargoyles (D:14)
  19 spiny frogs
  3 torpor snails
  2 kobold demonologists (D:14)
  A yaktaur (shapeshifter) (Vaults:1)
  12 komodo dragons
  2 spectral redbacks (Spider:4)
  A freezing wraith (Vaults:3)
  17 demonic crawlers
  2 rime drakes
  22 yaktaurs
  An efreet (D:15)
  4 red devils (D:12)
  The ghost of feelmyfire the Conjurer, a novice DEFE of Vehumet (D:5)
  A tengu conjurer (D:15)
  25 jumping spiders
  9 trolls
  3 meliai (D:15)
  A polar bear (Lair:6)
  Prince Ribbit (D:8)
  7 blink frogs
  5 tyrant leeches
  25 hornets
  4 spectral tarantellas (Spider:4)
  2 jumping spider zombies (Spider:4)
  A spectral jumping spider (Spider:4)
  4 bog bodies
  9 hippogriffs
  A deep troll zombie (D:15)
  A tarantella zombie (Spider:4)
  5 dream sheep (Lair:6)
  A hippogriff (shapeshifter) (D:15)
  81 redbacks
  Sigmund (D:3)
  2 shadows
  3 spriggans
  41 tarantellas
  55 yaks
  2 wraiths (Vaults:1)
  19 humans (D:13)
  Eustachio (D:5)
  A steam dragon (D:9)
  5 basilisks
  4 wyverns
  A hog (Lair:4)
  A hungry ghost (D:10)
  27 vampire mosquitoes
  Menkaure (D:5)
  A soldier ant (D:12)
  6 wargs
  A soldier ant (shapeshifter) (D:13)
  An acid dragon (D:15)
  12 water moccasins
  22 swamp worms
  A spectral hornet (Spider:4)
  8 porcupines
  2 sky beasts
  A hornet zombie (Spider:4)
  52 orc warriors
  10 swamp drakes
  4 black bears
  2 ice beasts
  2 phantoms
  A necrophage (D:7)
  30 ogres
  17 centaurs
  3 boggarts (Vaults:3)
  11 wolves
  11 crocodiles
  7 big kobolds
  Blork the orc (D:5)
  21 bullfrogs
  2 wyvern zombies
  2 gnoll sergeants (D:9)
  2 scorpions
  2 wyvern skeletons
  21 wights
  23 killer bees
  3 howler monkeys
  4 centaur zombies
  5 electric eels
  5 crimson imps
  A wyvern simulacrum (D:14)
  2 quasits (D:9)
  A jelly (D:8)
  A bullfrog zombie (D:12)
  7 hounds
  A gnoll shaman (Orc:2)
  34 orc priests
  2 bullfrog skeletons
  33 orc wizards
  3 centaur skeletons
  7 iguanas
  10 worker ants
  A worker ant zombie (D:5)
  Robin (D:3)
  14 gnolls
  14 adders
  5 shadow imps
  2 adder skeletons
  A worm (D:3)
  5 leopard geckos
  135 orcs
  17 bats
  7 giant cockroaches
  16 goblins
  16 hobgoblins
  14 jackals
  19 kobolds
  5 quokkas
  3 ball pythons
  4 frilled lizards
  A jackal zombie (D:8)
  2 leopard gecko skeletons (D:4)
  A quokka zombie (D:6)
  7 rats
  19 fungi
  21 plants
  A withered plant (D:15)
1586 creatures vanquished.

Vanquished Creatures (collateral kills)
  Kirke (Lair:4)
  2 ironheart preservers (Vaults:3)
  7 death scarabs (Spider:4)
  4 deep trolls (Vaults:3)
  3 ugly things (D:15)
  A spiny frog (Lair:3)
  2 spectral redbacks (Spider:4)
  3 meliai (D:15)
  A polar bear (Lair:3)
  A spectral jumping spider (Spider:4)
  A blink frog (Lair:3)
  A wyvern (D:15)
  3 hogs (Lair:4)
  A vampire mosquito (D:15)
  A spectral hornet (Spider:4)
  A gnoll sergeant (D:8)
  3 jackals (D:8)
36 creatures vanquished.

Vanquished Creatures (others)
  A wolf spider (Spider:2)
  A jumping spider (Spider:2)
  An orc wizard (Orc:2)
  12 fungi
  9 plants
  A withered plant (D:15)
25 creatures vanquished.

Grand Total: 1647 creatures vanquished

Notes
Turn   | Place    | Note
-------+----------+-------------------------------------------
     0 | D:1      | nikopol the Minotaur Berserker began the quest for the Orb.
     0 | D:1      | Reached XP level 1. HP: 19/19 MP: 0/0
     0 | D:1      | Noticed a spriggan
     0 | D:1      | Noticed a dwarf
     2 | D:1      | Noticed an ogre
     4 | D:1      | Noticed a dwarf
     6 | D:1      | Noticed a spriggan
     7 | D:1      | Noticed a draconian
     8 | D:1      | Noticed a minotaur
     9 | D:1      | Noticed an ogre
    11 | D:1      | Noticed a draconian
    11 | D:1      | Noticed an elf
    15 | D:1      | Noticed a gargoyle
    15 | D:1      | Noticed a felid
    17 | D:1      | Noticed a spriggan
    17 | D:1      | Noticed an ogre
    19 | D:1      | Noticed a vine stalker
    19 | D:1      | Noticed an octopode
    21 | D:1      | Noticed a minotaur
   291 | D:1      | Reached XP level 2. HP: 27/27 MP: 1/1
   336 | D:1      | You fall through a shaft!
   352 | D:1      | Reached skill level 4 in Fighting
   609 | D:1      | Reached ** piety under Trog
   773 | D:2      | Reached XP level 3. HP: 33/33 MP: 2/2
  1308 | D:3      | Reached XP level 4. HP: 34/41 MP: 3/3
  1429 | D:3      | Reached skill level 5 in Axes
  1702 | D:3      | Noticed Sigmund
  1709 | D:3      | Killed Sigmund
  1709 | D:3      | Reached XP level 5. HP: 47/47 MP: 4/4
  1709 | D:3      | Reached XP level 6. HP: 55/55 MP: 5/5
  1724 | D:3      | Reached skill level 5 in Fighting
  1807 | D:3      | Reached *** piety under Trog
  1823 | D:3      | Noticed Robin
  1839 | D:3      | Killed Robin
  2351 | D:4      | Found an opulent altar of Gozag.
  2459 | D:4      | Noticed a two-headed ogre
  2468 | D:4      | Killed a two-headed ogre
  2468 | D:4      | Reached skill level 6 in Fighting
  2468 | D:4      | Reached XP level 7. HP: 63/63 MP: 6/6
  2468 | D:4      | Reached XP level 8. HP: 70/70 MP: 7/7
  2685 | D:4      | Received a gift from Trog
  3065 | D:5      | Entered Level 5 of the Dungeon
  3067 | D:5      | Noticed Blork the orc
  3082 | D:5      | Killed Blork the orc
  3134 | D:5      | Noticed Eustachio
  3172 | D:5      | Killed Eustachio
  3384 | D:5      | Noticed feelmyfire's ghost (novice DEFE)
  3397 | D:5      | Killed feelmyfire's ghost
  3649 | D:5      | Reached skill level 1 in Stealth
  3776 | D:5      | Noticed Menkaure
  3784 | D:5      | Killed Menkaure
  3784 | D:5      | Reached XP level 9. HP: 65/78 MP: 8/8
  4083 | D:5      | Reached skill level 7 in Fighting
  4234 | D:6      | Found a shadowy altar of Dithmenos.
  4297 | D:6      | Reached skill level 5 in Bows
  4315 | D:6      | Reached **** piety under Trog
  4982 | D:7      | Found a staircase to the Ecumenical Temple.
  5392 | D:7      | Reached skill level 10 in Axes
  5724 | D:7      | Found a radiant altar of Vehumet.
  6112 | D:8      | Reached skill level 8 in Fighting
  6208 | D:8      | Noticed a two-headed ogre
  6217 | D:8      | Killed a two-headed ogre
  6217 | D:8      | Reached skill level 5 in Dodging
  6217 | D:8      | Reached XP level 10. HP: 88/88 MP: 9/9
  6250 | D:8      | Noticed Prince Ribbit
  6271 | D:8      | Killed Prince Ribbit
  6382 | D:8      | Noticed Psyche
  6392 | D:8      | Killed Psyche
  6640 | D:8      | Received a gift from Trog
  6903 | D:8      | Noticed a two-headed ogre
  6913 | D:8      | Killed a two-headed ogre
  6989 | D:8      | You fall through a shaft for 3 floors!
  7038 | D:11     | Reached skill level 9 in Fighting
  7306 | D:10     | Entered Level 10 of the Dungeon
  7306 | D:10     | Found Ickywkun's Magic Scroll Shop.
  7311 | D:10     | Bought a scroll of teleportation for 51 gold pieces
  7311 | D:10     | Bought a scroll of identify for 34 gold pieces
  7354 | D:10     | Reached ***** piety under Trog
  7458 | D:10     | Reached skill level 10 in Bows
  7700 | D:10     | Noticed an oklob plant
  7887 | D:9      | Received a gift from Trog
  8392 | D:9      | Reached XP level 11. HP: 79/97 MP: 8/10
  9276 | D:9      | Received a gift from Trog
  9305 | D:9      | Found a staircase to the Orcish Mines.
 10295 | D:9      | Received a gift from Trog
 10328 | D:9      | Reached skill level 10 in Fighting
 10663 | D:10     | Received a gift from Trog
 11049 | D:10     | Found a staircase to the Lair.
 11216 | D:10     | Killed an oklob plant
 11418 | Lair:1   | Entered Level 1 of the Lair of Beasts
 12038 | Lair:1   | Received a gift from Trog
 12583 | Lair:1   | Upgraded the game from 0.20.0-1-g1cb1d84 to 0.20.0-4-g10b340a
 12738 | Lair:2   | Noticed Fannar
 12782 | Lair:2   | Killed Fannar
 12967 | Lair:2   | Noticed Erica
 12997 | Lair:2   | Killed Erica
 12997 | Lair:2   | Reached skill level 11 in Fighting
 13173 | Lair:2   | Reached XP level 12. HP: 39/110 MP: 4/11
 13185 | Lair:2   | HP: 1/110 [blink frog (6)]
 13704 | Lair:2   | Noticed a four-headed hydra
 13716 | Lair:2   | Killed a four-headed hydra
 13734 | Lair:2   | Reached skill level 10 in Armour
 13928 | Lair:2   | Noticed a four-headed hydra
 13936 | Lair:2   | Killed a four-headed hydra
 14130 | Lair:2   | Reached skill level 1 in Maces & Flails
 16054 | Lair:3   | Reached skill level 12 in Fighting
 16259 | Lair:2   | Noticed a four-headed hydra
 16271 | Lair:2   | Killed a four-headed hydra
 16554 | Lair:3   | Received a gift from Trog
 17203 | Lair:3   | Found a hole to the Spider Nest.
 17489 | Lair:3   | Found a staircase to the Swamp.
 18394 | Lair:4   | Received a gift from Trog
 18394 | Lair:4   | Reached XP level 13. HP: 112/119 MP: 9/12
 18730 | Lair:4   | Reached skill level 13 in Fighting
 18858 | Lair:4   | Received a gift from Trog
 19035 | Lair:4   | Noticed Kirke
 19047 | Lair:4   | Killed Kirke
 19585 | Lair:4   | Received a gift from Trog
 20057 | Lair:5   | Noticed Snorg
 20384 | Lair:5   | Killed Snorg
 20581 | Lair:5   | Found a staircase to the Slime Pits.
 20711 | Lair:5   | Received a gift from Trog
 21700 | Lair:6   | Entered Level 6 of the Lair of Beasts
 21931 | Lair:6   | Reached skill level 14 in Fighting
 22288 | Lair:6   | Reached XP level 14. HP: 81/132 MP: 8/13
 23329 | Lair:5   | Received a gift from Trog
 24043 | Lair:6   | Got a brightly glowing tin ring
 24059 | Lair:6   | Identified the ring "Misurado" {*Contam rPois rC+++ rN+ MP+9} (You found it on level 6 of the Lair of Beasts)
 24175 | Lair:6   | Reached skill level 15 in Fighting
 24431 | Orc:1    | Entered Level 1 of the Orcish Mines
 24524 | Orc:1    | Found a roughly hewn altar of Beogh.
 24670 | Orc:1    | Reached skill level 15 in Axes
 24834 | Orc:1    | Received a gift from Trog
 25338 | Orc:2    | Entered Level 2 of the Orcish Mines
 25659 | Orc:2    | Received a gift from Trog
 25840 | Orc:2    | Found a roughly hewn altar of Beogh.
 26137 | Orc:2    | Found Ruthreh's Weapon Boutique.
 26165 | Orc:2    | Found Xieran's Gadget Shop.
 26464 | Orc:2    | Received a gift from Trog
 26637 | Orc:2    | Noticed an orc warlord
 26648 | Orc:2    | Killed an orc warlord
 27105 | Orc:2    | Noticed an orc warlord
 27116 | Orc:2    | Killed an orc warlord
 27332 | Orc:2    | Found a roughly hewn altar of Beogh.
 27380 | Orc:2    | Found Dihapt's Jewellery Emporium.
 27398 | Orc:2    | Bought the amulet "Kidu" {Gourm rF+} for 572 gold pieces
 27462 | Orc:2    | Reached XP level 15. HP: 113/143 MP: 14/14
 27555 | Orc:2    | Reached skill level 15 in Bows
 27556 | Orc:2    | Found Vosatiacs's Antique Armour Shoppe.
 27894 | Orc:2    | Reached ****** piety under Trog
 27909 | Orc:2    | Found a staircase to the Elven Halls.
 27948 | Orc:2    | Received a gift from Trog
 27957 | Orc:2    | Paralysed by an orc sorcerer for 4 turns
 27965 | Orc:2    | Reached skill level 16 in Fighting
 28907 | D:11     | Received a gift from Trog
 29494 | D:12     | Received a gift from Trog
 29996 | D:12     | Found Umite's Antique Weapon Shop.
 30092 | D:13     | Received a gift from Trog
 30563 | D:13     | Found a gate to the Vaults.
 30997 | D:13     | Received a gift from Trog
 31072 | D:13     | Found Jaitar's Distillery.
 31084 | D:13     | Bought a potion of heal wounds for 60 gold pieces
 31084 | D:13     | Bought 2 potions of haste for 240 gold pieces
 31084 | D:13     | Bought a potion of heal wounds for 60 gold pieces
 31127 | D:13     | Bought a potion of flight for 36 gold pieces
 31127 | D:13     | Bought a potion of flight for 36 gold pieces
 31519 | D:14     | Noticed Louise
 31573 | D:14     | Killed Louise
 32036 | D:14     | Received a gift from Trog
 32349 | D:14     | Reached skill level 17 in Fighting
 32534 | D:14     | Found a shimmering altar of Xom.
 32612 | D:15     | Entered Level 15 of the Dungeon
 32845 | D:15     | Found a staircase to the Depths.
 32877 | D:15     | Reached XP level 16. HP: 71/155 MP: 10/15
 34424 | D:15     | Received a gift from Trog
 35056 | Swamp:1  | Entered Level 1 of the Swamp
 35182 | Swamp:1  | Received a gift from Trog
 36788 | Swamp:3  | Noticed a thorn hunter
 36793 | Swamp:3  | Killed a thorn hunter
 36968 | Swamp:3  | Received a gift from Trog
 37454 | Swamp:4  | Entered Level 4 of the Swamp
 37530 | Swamp:4  | Reached skill level 18 in Fighting
 38380 | Swamp:3  | Received a gift from Trog
 39159 | Swamp:3  | Reached XP level 17. HP: 84/165 MP: 13/16
 39745 | Swamp:4  | Got a decaying rune of Zot
 40370 | Spider:1 | Entered Level 1 of the Spider Nest
 40410 | Spider:1 | Received a gift from Trog
 40944 | Spider:1 | Received a gift from Trog
 42311 | Spider:2 | Noticed Nikola
 42325 | Spider:2 | Killed Nikola
 42802 | Spider:2 | Received a gift from Trog
 43268 | Spider:2 | Reached skill level 19 in Fighting
 43377 | Spider:2 | Received a gift from Trog
 44226 | Spider:3 | Noticed Jorgrun
 44559 | Spider:2 | Killed Jorgrun
 44565 | Spider:2 | Received a gift from Trog
 44819 | Spider:3 | Reached XP level 18. HP: 135/176 MP: 17/17
 45240 | Spider:3 | Reached skill level 15 in Armour
 45414 | Spider:4 | Entered Level 4 of the Spider Nest
 46091 | Spider:4 | Received a gift from Trog
 47329 | Spider:4 | Received a gift from Trog
 47678 | Spider:4 | Got a gossamer rune of Zot
 48172 | Vaults:1 | Entered Level 1 of the Vaults
 48192 | Vaults:1 | Received a gift from Trog
 49139 | Vaults:1 | Reached skill level 20 in Fighting
 50147 | Vaults:1 | Reached XP level 19. HP: 185/185 MP: 18/18
 50164 | Vaults:1 | Received a gift from Trog
 51555 | Vaults:2 | Received a gift from Trog
 52438 | Vaults:2 | Received a gift from Trog
 52990 | Vaults:3 | Received a gift from Trog
 53028 | Vaults:3 | Reached skill level 21 in Fighting
 53309 | Vaults:3 | Paralysed by an ogre mage for 3 turns
 53791 | Vaults:3 | Reached skill level 10 in Dodging
 53792 | Vaults:3 | Received a gift from Trog
 54290 | Vaults:3 | Got a fine wooden ring
 54451 | Vaults:3 | Reached XP level 20. HP: 158/198 MP: 19/19
 54460 | Vaults:3 | HP: 5/198 [stone giant (16)]
 54463 | Vaults:3 | Killed from afar by a tengu reaver

Skill      XL: |  1  2  3  4  5  6  7  8  9 10 11 12 13 14 15 16 17 18 19 |
---------------+----------------------------------------------------------+-----
Axes           | 4 5 8 9 10 12 14 15 16 17 18 19 20 | 20.2
Fighting       | 4 6 8 9 11 12 14 15 17 18 19 20 21 | 21.5
Armour         | 3 4 6 7 8 9 10 11 12 13 14 15 | 15.9
Dodging        | 3 4 5 6 7 8 9 10 | 10.0
Bows           | 4 7 10 11 13 14 16 17 18 19 20 | 20.4
Stealth        | 1 2 3 |  3.6
Maces & Flails | 1 |  1.6
Unarmed Combat | |  0.9
Evocations     | |  0.1

Action                   |  1- 3 |  4- 6 |  7- 9 | 10-12 | 13-15 | 16-18 | 19-21 || total
-------------------------+-------+-------+-------+-------+-------+-------+-------++-------
Melee: Hand axe          |    79 |    83 |   211 |   721 |   145 |       |       ||  1239
       Headbutt          |    10 |    20 |    35 |   200 |   225 |   126 |    55 ||   671
       Flail             |       |       |       |     6 |     3 |       |       ||     9
       War axe           |       |       |       |       |   367 |       |       ||   367
       Unarmed           |       |       |       |       |     8 |       |       ||     8
       Punch             |       |       |       |       |     3 |       |       ||     3
       Battleaxe         |       |       |       |       |   297 |   470 |   169 ||   936
 Fire: Shortbow          |       |       |   142 |   535 |   810 |       |       ||  1487
       Longbow           |       |       |       |       |   252 |  1072 |   370 ||  1694
Invok: Berserk           |       |     2 |     4 |    12 |     4 |     6 |     2 ||    30
       Burn Spellbooks   |       |       |       |     4 |     2 |     6 |     2 ||    14
       Brothers in Arms  |       |       |       |     1 |     1 |     3 |     1 ||     6
       Trog's Hand       |       |       |       |       |       |       |     3 ||     3
 Abil: Evoke Flight      |       |       |       |       |       |     3 |       ||     3
       Stop Flying       |       |       |       |       |       |     2 |       ||     2
  Use: Scroll            |       |       |       |    22 |     9 |    20 |     3 ||    54
       Potion            |       |       |       |     2 |     2 |     3 |     3 ||    10
 Stab: Distracted        |       |       |       |       |       |     3 |       ||     3
       Invisible         |       |       |       |       |       |       |     1 ||     1
  Eat: Chunk             |     1 |     5 |    15 |    42 |    73 |    65 |    16 ||   217
       Fruit             |       |       |       |     3 |       |       |       ||     3
       Royal jelly       |       |       |       |     3 |     1 |       |       ||     4
Armor: Animal skin       |    13 |       |       |       |       |       |       ||    13
       Scale mail        |    22 |    43 |    84 |   270 |   233 |    42 |    41 ||   735
       Chain mail        |       |       |       |       |       |   465 |       ||   465
Dodge: Dodged            |    63 |    60 |   148 |   427 |   517 |   650 |   108 ||  1973
